 Dungeon Crawl Stone Soup version 0.17-a0-725-gfa8c127 (webtiles) character file.

161 Valo the Caller (level 5, -5/35 HPs)
             Began as a Mummy Summoner on Apr 20, 2015.
             Slain by a phantom (10 damage)
             ... on level 4 of the Dungeon.
             The game lasted 00:22:23 (4748 turns).

Valo the Caller (Mummy Summoner)                    Turns: 4748, Time: 00:22:23

Health: -5/35      AC: 10    Str: 11    XL:     5   Next: 19%
Magic:  4/9        EV: 12    Int: 16    God:
Gold:   141        SH:  0    Dex: 12    Spells: 4 memorised, 0 levels left

rFire  x . .     SeeInvis .     m - +2 quarterstaff (chaos)
rCold  + . .     Clarity  .     a - +1 robe
rNeg   + + +     SustAb   .     (no shield)
rPois  ∞         Gourm    .     (no helmet)
rElec  .         Spirit   .     l - +0 cloak {rPois}
rCorr  .         Warding  .     d - +2 pair of gloves
rMut   .         Stasis   .     h - +2 pair of boots
MR     .....                    (no amulet)
Stlth  ++........               (no ring)
                                (no ring)

@: not resistant to hostile enchantments, unstealthy
A: no food or potions, fire vulnerability, cold resistance 1, negative energy
resistance 3, torment resistance, unbreathing
a: no special abilities


You were on level 4 of the Dungeon.
You were not hungry.

You visited 1 branch of the dungeon, and saw 4 of its levels.

You collected 141 gold pieces.


Innate Abilities, Weirdness & Mutations

You do not eat or drink.
Your flesh is vulnerable to fire.
You are immune to poison.
Your flesh is cold resistant.
You are immune to negative energy.
You are immune to unholy pain and torment.
You can survive without breathing.


   Skills:
 - Level 1.5 Dodging
 - Level 1.5 Stealth
 - Level 3.2 Spellcasting
 + Level 4.8 Summonings
 + Level 0.0 Ice Magic


You couldn't memorise any spells.
You knew the following spells:

 Your Spells              Type           Power        Failure   Level  Hunger
a - Summon Small Mammal   Summ           ###.         2%          1    N/A
c - Call Canine Familiar  Summ           ###.....     10%         3    N/A
d - Summon Ice Beast      Ice/Summ       ##......     75%         4    N/A
s - Call Imp              Summ           ###.....     4%          2    N/A

Inventory:

Hand weapons
 m - a +2 quarterstaff of chaos (weapon)
Missiles
 e - 7 curare-tipped needles
Armour
 a - a +1 robe (worn)
 d - a +2 pair of gloves (worn)
 h - a +2 pair of boots (worn)
 l - a +0 cloak of poison resistance (worn)
Scrolls
 c - a scroll of remove curse
 f - 2 scrolls of enchant armour
 g - a scroll of magic mapping {unknown}
 j - 2 scrolls of enchant weapon
 k - a scroll of recharging {unknown}
Books
 b - a book of Callings
 i - a book of Enchantments

Dungeon Overview and Level Annotations

Branches:
Dungeon (4/15)
 Temple: D:4-7

Altars:


Message History

The phantom hits your crimson imp.
Your crimson imp disappears in a puff of smoke!
Your white imp closely misses the phantom.
Your crimson imp misses the phantom.
Your white imp hits the phantom but does no damage.
You closely miss the phantom. The phantom completely misses you.
Your crimson imp barely misses the phantom.
Your white imp closely misses the phantom.
You hit the phantom. You burn the phantom.
The phantom is lightly damaged.
The phantom hits you.
Your crimson imp misses the phantom.
Your white imp gestures at the phantom.
The puff of frost hits the phantom.
The phantom resists.
The phantom hits you.
You hit the phantom but do no damage.
The phantom flickers and vanishes!
Your crimson imp hits something.
Something hits you but does no damage.
You barely miss something. Something hits you!
Your crimson imp hits something.
Your crimson imp misses something.
Your white imp closely misses something.
You barely miss something. Something hits you but does no damage.
Your crimson imp closely misses something. x2
Your white imp hits something.
Your white imp freezes something.
Something barely misses you.
You barely miss something.
Your crimson imp closely misses something.
Your crimson imp hits something.
Your white imp hits something.
Your white imp freezes something.
Something barely misses you.
You miss something.
Your crimson imp misses something.
Your crimson imp closely misses something.
Your white imp closely misses something.
Something hits you.
Your crimson imp hits something but does no damage.
Your crimson imp closely misses something.
Your white imp completely misses something.
You hit something. Something hits you!
Your crimson imp misses something.
Your crimson imp closely misses something.
Your white imp closely misses something.
You miss something. Something hits you.
Your crimson imp closely misses something.
Your crimson imp barely misses something.
Your white imp barely misses something.
Something hits you.
You barely miss something.
Your crimson imp barely misses something.
Your crimson imp hits something but does no damage.
Your white imp hits something but does no damage.
Something completely misses your crimson imp.
Your crimson imp hits something.
Your crimson imp misses something.
You closely miss something.
Your white imp closely misses something.
Something hits you!
You die...

#.###
.....
#.#.####
#.#.#..
##.#.#.##
..#.#@.#
#.#.#{5#
###.#.#55#
#........#
#.#.######
# #.. #W.#
#..# #..#


You could see 2 friendly crimson imps and a friendly white imp.

Action                   |  1- 3 |  4- 6 || total
-------------------------+-------+-------++-------
Melee: Quarterstaff      |       |    13 ||    13
 Cast: Summon Small Mamm |   107 |     6 ||   113
       Call Imp          |    30 |    30 ||    60
  Use: Scroll            |       |     4 ||     4
 Stab: Petrifying        |       |     1 ||     1

Notes
Turn   | Place    | Note
--------------------------------------------------------------
     0 | D:1      | Valo, the Mummy Summoner, began the quest for the Orb.
     0 | D:1      | Reached XP level 1. HP: 13/13 MP: 3/3
   817 | D:1      | Reached XP level 2. HP: 19/19 MP: 0/5
   874 | D:1      | Learned a level 2 spell: Call Imp
  1449 | D:1      | Reached skill level 4 in Summonings
  1890 | D:2      | Reached XP level 3. HP: 17/24 MP: 0/6
  1980 | D:2      | Learned a level 3 spell: Call Canine Familiar
  3103 | D:3      | Reached XP level 4. HP: 30/30 MP: 0/7
  4576 | D:3      | Noticed Crazy Yiuf
  4589 | D:3      | Noticed Zooty's ghost (average DEFi)
  4592 | D:3      | Killed Crazy Yiuf
  4599 | D:3      | Killed Zooty's ghost
  4599 | D:3      | Reached XP level 5. HP: 35/35 MP: 3/9
  4708 | D:3      | Learned a level 4 spell: Summon Ice Beast
  4719 | D:4      | Noticed a phantom
  4746 | D:4      | HP: 5/35 [something (5)]
  4748 | D:4      | Slain by a phantom

Vault maps used:
D:1:      lightli_arrival_maybe_door_vault, kennysheep_decorative_pillar,
          st_stairs_6, minmay_close_crescents
D:3:      grunt_ministairs_15, uniq_crazy_yiuf_cottage
D:4:      first_bread, wad_rectangle_vault

Vanquished Creatures
  A jackal skeleton
1 creature vanquished.

Vanquished Creatures (collateral kills)
  The ghost of Zooty the Slasher, an average DEFi of Trog Crazy Yiuf
  An orc priest
  An orc wizard
  A worker ant zombie
  4 adders
  2 worms
  5 giant geckos
  2 orcs
  6 giant cockroaches
  5 hobgoblins
  A jackal
  7 kobolds
  2 quokkas
  2 ball pythons
  13 bats
  5 giant newts
  11 goblins
  11 rats
81 creatures vanquished.

Vanquished Creatures (others)
  2 shadow imps
  2 white imps
  8 bats
  3 quokkas
  14 rats
29 creatures vanquished.

Grand Total: 111 creatures vanquished
